cohdb
Replays
Latest Replays
All Replays
Popular Replays
Top Player Replays
Match Explorer
How It Works
Community
CoH3 Stats
Reddit
Sign in to upload your games and track your stats! →
Sign in with Steam
Match 42789539
Unlisted
Match 42789539
Overview
Messages
Build Orders
End
Construct Barracks
Riflemen Squad
Riflemen Squad
Riflemen Squad
Selects Special Operations Battlegroup
Construct Weapon Support Center
M1919 Machine Gun Team
Infantry Support Center
M3 Armored Personnel Carrier
Selects M29 Weasel Recon Vehicle
Selects Mark Vehicle
spongebob
desertBeliever
0
0
Comments
sign in to comment!
No comments posted yet!